 Dungeon Crawl Stone Soup version 0.29.0-11-gd7f09526c8 (webtiles) character file.

Game seed: 57501557192165510

126 gelatine the Stinger (level 4, -6/31 HPs)
             Began as a Demonspawn Venom Mage on Sept 5, 2022.
             Mangled by a black bear (9 damage)
             ... on level 4 of the Dungeon.
             The game lasted 00:07:47 (3112 turns).

gelatine the Stinger (Demonspawn Venom Mage)        Turns: 3112, Time: 00:07:49

Health: -6/31      AC: 10    Str:  8    XL:     4   Next: 84%
Magic:  0/8        EV: 11    Int: 19    God:
Gold:   193        SH:  0    Dex: 13    Spells: 2/8 levels left

rFire   . . .      SeeInvis .   i - +1 short sword (drain)
rCold   . . .      Faith    .   (no shield)
rNeg    . . .      Spirit   .   v - +2 leather armour {Will+}
rPois   .          Reflect  .   o - +1 helmet
rElec   .          Harm     .   l - +0 cloak
rCorr   .          Rampage  .   (no gloves)
Will    +....                   r - +0 pair of boots
Stlth   ++........              (no amulet)
HPRegen 0.10/turn               (no ring)
MPRegen 0.11/turn               (no ring)

@: very slightly contaminated
A: foul stench 1, sharp scales 1
a: no special abilities


You were on level 4 of the Dungeon.
You visited 1 branch of the dungeon, and saw 4 of its levels.

You collected 193 gold pieces.

Inventory:

Hand Weapons
 e - a +0 falchion
 i - a +1 short sword of draining (weapon)
Missiles
 t - 2 boomerangs
Armour
 a - a +0 robe
 l - a +0 cloak (worn)
 o - a +1 helmet (worn)
 q - a +0 helmet
 r - a +0 pair of boots (worn)
 v - a +2 leather armour of willpower (worn)
Wands
 p - a wand of acid (5)
Scrolls
 c - a scroll of torment
 h - 3 scrolls of teleportation {unknown}
 j - a scroll of immolation {unknown}
 k - a scroll of vulnerability {unknown}
 n - 2 scrolls of poison {unknown}
 s - a scroll of amnesia {unknown}
 u - a scroll of fear {unknown}
Potions
 b - a potion of magic
 d - a potion of berserk rage {unknown}
 f - a potion of brilliance
 g - a potion of attraction
 m - 2 potions of curing


   Skills:
 * Level 0.3 Fighting
 + Level 0.1(0.2) Short Blades
 + Level 0.2(0.3) Long Blades
 * Level 1.8 Dodging
 + Level 2.1 Stealth
 + Level 2.8 Spellcasting
 + Level 2.4 Transmutations
 * Level 3.9 Poison Magic


You had 2 spell levels left.
You knew the following spells:

 Your Spells              Type           Power      Damage    Failure   Level
a - Sting                 Tmut/Pois      56%        1d5       6%          1
b - Poisonous Vapours     Pois/Air       20%        N/A       16%         2
c - Mephitic Cloud        Conj/Pois/Air  7%         N/A       36%         3

Your spell library contained the following spells:

 Spells                   Type           Power      Damage    Failure   Level
 Magic Dart               Conj           8%         1d3       22%         1
 Searing Ray              Conj           4%         2d4       34%         2
 Olgreb's Toxic Radiance  Pois           17%        N/A       41%         4
 Fulminant Prism          Conj/Hex       1%         3d6       92%         4


Dungeon Overview and Level Annotations

Branches:
Dungeon (4/15)
 Temple: D:4-7

Altars:
Cheibriados
Fedhas
Sif Muna
Wu Jian


Innate Abilities, Weirdness & Mutations

You may rarely emit foul miasma when damaged in melee.
You are partially covered in razor-sharp scales. (AC +1, Slay +1)


Message History

The black bear claws you.
Unknown command.
You barely miss the black bear.
The black bear is severely wounded.
The black bear barely misses you.
The black bear claws you but does no damage.
The black bear claws you.
The black bear bites you but does no damage.
The black bear claws you.
The black bear claws you but does no damage.
You closely miss the black bear.
The black bear is severely wounded.
The black bear bites you. The black bear closely misses you.
The black bear claws you. The black bear closely misses you.
The black bear barely misses you.
The black bear claws you but does no damage.
Unknown command.
You are too injured to fight recklessly!
You are too injured to fight recklessly!
Casting: Sting (safe; 6% risk of failure)
Confirm with . or Enter, or press ? or * to list all spells.
The spell is extremely dangerous to miscast (36% risk of failure)!
Continue anyway?
Aiming: Mephitic Cloud (extremely dangerous; 36% risk of failure)
Press: ? - help, Shift-Dir - straight line, f/p - black bear
Aim: a black bear (severely wounded, berserk, poisoned, lightly drained, chance to affect: 77%) That beam is likely to hit you.
Continue anyway?
You miscast Mephitic Cloud.
You are very lightly contaminated with residual magic.
The air around you crackles with energy.
* * * LOW HITPOINT WARNING * * *
The black bear closely misses you. The black bear barely misses you.
The black bear claws you but does no damage.
You barely miss the black bear.
The black bear is almost dead.
The black bear bites you.
* * * LOW HITPOINT WARNING * * *
The black bear claws you.
* * * LOW HITPOINT WARNING * * *
The black bear closely misses you. The black bear bites you!
You die...

#.# #.# #.# #.# #.# #.# #
#.# #.###.## ### #.#
#.##...######.##. ..# #.#
#.#.............. #.## #.#
#######.#....#########.
...####.# #.........########
........###.#####...........
...####.........@h..########
#.#####.###<#####.###
........###.#####.#
#.................#
............#######
#############


You could see a black bear (berserk, poisoned, drained).

Vanquished Creatures
  7 adders
  A worm (D:2)
  3 dart slugs
  An orc (D:4)
  2 bats
  4 endoplasms
  A giant cockroach (D:3)
  4 goblins
  3 hobgoblins (D:2)
  4 jackals (D:2)
  9 kobolds
  4 quokkas
  5 ball pythons
  A frilled lizard (D:1)
  4 rats
53 creatures vanquished.

Notes
Turn   | Place    | Note
-------+----------+-------------------------------------------
     0 | D:1      | gelatine the Demonspawn Venom Mage began the quest for the
                  | Orb.
     0 | D:1      | Reached XP level 1. HP: 13/13 MP: 3/3
   421 | D:1      | Found a faded altar of an unknown god.
   436 | D:1      | Reached skill level 1 in Transmutations
   476 | D:1      | Gained mutation: You may rarely emit foul miasma when
                  | damaged in melee. [demonic ancestry]
   476 | D:1      | Reached XP level 2. HP: 19/19 MP: 3/5
  1238 | D:2      | Reached XP level 3. HP: 21/24 MP: 2/6
  1766 | D:2      | Gained mutation: You are partially covered in razor-sharp
                  | scales. (AC +1, Slay +1) [demonic ancestry]
  1766 | D:2      | Reached XP level 4. HP: 26/31 MP: 4/8
  2171 | D:3      | Found a snail-covered altar of Cheibriados.
  2614 | D:3      | Found a blossoming altar of Fedhas.
  2715 | D:3      | Found an ornate altar of the Wu Jian Council.
  2910 | D:4      | Found a shimmering blue altar of Sif Muna.
  3007 | D:4      | Learned a level 2 spell: Poisonous Vapours
  3011 | D:4      | Learned a level 3 spell: Mephitic Cloud
  3085 | D:4      | Noticed a black bear
  3112 | D:4      | Mangled by a black bear

Illustrated notes

Levels and vault maps discovered:
D:1:      amcnicky_arrival_choice, layout_loops_ring,
          hellmonk_ecumenical_altar_leap_of_faith
D:2:      layout_basic
D:3:      layout_basic, nicolae_wu_jian_glorious_leap,
          mainiacjoe_overflow_alcove_1, fedhas_altar_fruit_tree
D:4:      layout_loops_ring, nicolae_sif_muna_condensation,
          lemuel_coloured_pillars_altar

Skill      XL: |  1  2  3  4 |
---------------+-------------+-----
Transmutations | 1 2 |  2.4
Stealth        | 2 |  2.1
Fighting       | |  0.3
Short Blades   | |  0.1
Long Blades    | |  0.2
Dodging        | |  1.8
Spellcasting   | |  2.8
Poison Magic   | |  3.9

Action                   |  1- 3 |  4- 6 || total
-------------------------+-------+-------++-------
Melee: Falchion          |     5 |       ||     5
       Unarmed           |     1 |       ||     1
       Short sword       |    17 |    13 ||    30
Throw: Boomerang         |       |     4 ||     4
 Cast: Sting             |    64 |    39 ||   103
       Mephitic Cloud    |       |     1 ||     1
       Poisonous Vapours |       |     1 ||     1
  Use: Scroll            |       |     5 ||     5
       Potion            |       |     1 ||     1
Armor: Robe              |     2 |     3 ||     5
       Leather armour    |       |    15 ||    15
Dodge: Dodged            |    30 |    25 ||    55
